Get step-by-step instructions on how to execute this build order below. Start the game timer, and the build order will tick by so you can play in parallel with StarCraft on a second screen or mobile device.

Game Time

  0:00

Last Step

  N/A

Next Step

Upcoming Step



Don't want to look back and forth between 2 screens? Try out our Overwolf App, the Spawning Tool Build Advisor to get an in-game overlay with this build!

Complete Build Order

  12  0:08  Pylon  
  12  0:12  Probe (Chrono Boost)  
  13  0:24  Probe (Chrono Boost)  
  14  0:29  Gateway  
  14  0:33  Probe (Chrono Boost)  
  15  0:40  Probe  
  16  0:44  Assimilator  
  16  0:52  Probe  
  17  1:04  Probe  
  18  1:16  Cybernetics Core, Probe  
  19  1:31  Nexus  
  19  1:35  Probe  
  20  1:41  Pylon  
  20  1:47  Probe  
  20  1:49  Adept (Chrono Boost)  
  23  1:56  Assimilator  
  23  1:59  Probe  
  24  2:02  Warp Gate  
  24  2:09  Adept (Chrono Boost)  
  24  2:14  Probe  
  27  2:26  Probe  
  27  2:32  Stalker  
  29  2:40  Probe (Chrono Boost)  
  29  2:44  Probe (Chrono Boost)  
  32  2:54  Probe (Chrono Boost)  
  32  2:55  Probe (Chrono Boost)  
  32  2:58  Twilight Council  
  33  2:59  Probe (Chrono Boost)  
  33  3:02  Probe  
  35  3:10  Probe (Chrono Boost)  
  36  3:20  Probe (Chrono Boost)  
  36  3:22  Probe (Chrono Boost)  
  38  3:27  Probe (Chrono Boost)  
  38  3:28  Probe (Chrono Boost)  
  38  3:31  Blink (Chrono Boost)  
  39  3:34  Robotics Facility  
  39  3:36  Probe  
  39  3:38  Probe  
  39  3:40  Gateway  
  41  3:48  Probe  
  41  3:50  Probe  
  41  3:52  Gateway  
  41  3:53  Gateway  
  43  3:58  Pylon  
  43  3:59  Stalker  
  43  4:02  Probe  
  46  4:10  Probe  
  46  4:14  Probe  
  42  4:22  Stalker, Probe  
  44  4:26  Probe  
  44  4:34  Probe  
  44  4:38  Probe  
  44  4:45  Stalker  
  46  4:46  Probe  
  46  4:49  Stalker  
  46  4:50  Stalker  
  50  4:52  Stalker  
  51  5:01  Pylon  
  51  5:05  Probe  
  51  5:06  Probe  
  49  5:07  Warp Prism (Chrono Boost)  
  51  5:17  Probe  
  51  5:21  Stalker x2  
  56  5:23  Assimilator  
  56  5:25  Stalker  
  58  5:31  Pylon  
  58  5:32  Stalker  
  58  5:33  Probe  
  61  5:39  Pylon  
  61  5:53  Probe  
  62  6:00  Stalker x3  
  62  6:01  Pylon  
  62  6:02  Stalker  
  62  6:03  Probe  
  69  6:19  Probe  
  69  6:23  Stalker x3  
  69  6:25  Probe  
  75  6:29  Nexus  
  73  6:35  Probe (Chrono Boost)  
  73  6:37  Probe (Chrono Boost)  
  75  6:46  Dark Shrine, Probe (Chrono Boost)  
  77  6:47  Probe (Chrono Boost)  
  77  6:51  Probe (Chrono Boost)  
  77  6:52  Probe (Chrono Boost)  
  79  7:01  Probe  
  80  7:03  Probe  
  81  7:11  Charge (Chrono Boost)  
  81  7:13  Pylon, Probe  
  81  7:14  Pylon  
  82  7:15  Probe  
  82  7:16  Pylon  
  82  7:19  Gateway  
  82  7:21  Gateway  
  83  7:25  Probe  
  83  7:26  Gateway  
  83  7:28  Gateway, Probe  
  85  7:38  Probe  
  86  7:48  Probe  
  83  7:52  Gateway  
  83  7:53  Pylon  
  83  7:55  Shield Battery  
  83  7:58  Dark Templar  
  83  7:59  Dark Templar x3  
  83  8:04  Probe  
  82  8:16  Nexus  
  82  8:17  Dark Templar  
  78  8:20  Probe  
  78  8:21  Probe  
  74  8:33  Probe  
  74  8:34  Zealot x3  
  74  8:39  Zealot  
  80  8:47  Zealot  
  80  8:55  Zealot  
  61  9:27  Dark Templar x3  
  67  9:32  Archon  
  67  9:39  Zealot x2, Pylon  
  67  9:41  Archon